 Dungeon Crawl Stone Soup version 0.27-a0-1277-g3808f8b1c9 (webtiles) character file.

Game seed: 3387518146390939096

14038 Glokmah the Basher (level 11, 0/89 HPs)
             Began as a Demonspawn Monk on June 12, 2021.
             Was a Priest of Makhleb.
             Slain by a six-headed hydra (9 damage)
             ... on level 11 of the Dungeon.
             The game lasted 00:23:22 (14916 turns).

Glokmah the Basher (Demonspawn Monk)               Turns: 14916, Time: 00:23:24

Health: 0/89       AC: 12    Str: 14    XL:     11   Next: 83%
Magic:  0/17       EV: 10    Int: 12    God:    Makhleb [***...]
Gold:   726        SH:  6    Dex: 16    Spells: 10/10 levels left

rFire    . . .     SeeInvis +   a - +8 hand axe of the Dwarven Hall {flame, rN+}
rCold    . . .     Faith    .   g - +1 buckler
rNeg     + + .     Spirit   +   C - +1 scale mail {rN+}
rPois    .         Reflect  .   e - +0 helmet
rElec    .         Harm     .   (no cloak)
rCorr    .         Rampage  .   (no gloves)
Will     .....                  (no boots)
Stlth    +.........             v - amulet of guardian spirit
HPRegen  0.24/turn              x - ring of see invisible
MPRegen  0.15/turn              (no ring)

@: no status effects
A: talons 2, molten scales 2, ignite blood 2
a: Renounce Religion, Minor Destruction, Lesser Servant of Makhleb


You were on level 11 of the Dungeon.
You worshipped Makhleb.
Makhleb was most pleased with you.
You visited 2 branches of the dungeon, and saw 12 of its levels.

You collected 726 gold pieces.

Inventory:

Hand Weapons
 a - the +8 hand axe of the Dwarven Hall (weapon) {flame, rN+}
   (You found it on level 7 of the Dungeon)

   It has been specially enchanted to burn those struck by it, causing extra
   injury to most foes and up to half again as much damage against particularly
   susceptible opponents.
   Big, fiery blades are also staple armaments of hydra-hunters.
   It protects you from negative energy.
 b - a +5 whip of electrocution
Missiles
 k - 22 poisoned darts (quivered)
 o - 414 stones
 s - 5 atropa-tipped darts
 A - 2 throwing nets
 K - 6 boomerangs
Armour
 c - a +0 kite shield
 e - a +0 helmet (worn)
 g - a +1 buckler (worn)
 C - a +1 scale mail of positive energy (worn)
 E - a +0 chain mail of poison resistance
Jewellery
 v - an amulet of guardian spirit (around neck)
 w - an amulet of the acrobat
 x - a ring of see invisible (left hand)
 L - a ring of protection from cold
Wands
 u - a wand of charming (19)
 B - a wand of paralysis (14)
 D - a wand of iceblast (14)
 I - a wand of polymorph (10)
Scrolls
 f - 4 scrolls of blinking
 l - 2 scrolls of amnesia
 r - a scroll of torment {unknown}
 t - a scroll of magic mapping
 y - a scroll of brand weapon
 z - 5 scrolls of teleportation
 G - 3 scrolls of identify
 H - a scroll of enchant armour
Potions
 d - a potion of invisibility
 h - 2 potions of heal wounds
 i - a potion of haste
 j - 4 potions of might
 m - 3 potions of brilliance
 n - 2 potions of attraction
 p - a potion of flight
 q - 7 potions of curing
 F - a potion of lignification {unknown}
 J - a potion of degeneration {unknown}
 M - a potion of mutation {unknown}


   Skills:
 + Level 9.4 Fighting
 * Level 5.9(9.6) Axes
 * Level 11.1(11.7) Maces & Flails
 - Level 2.8(4.7) Polearms
 + Level 4.1 Armour
 - Level 3.0 Dodging
 - Level 1.7 Stealth
 + Level 4.6 Shields
 * Level 8.9 Invocations


You had 10 spell levels left.
You didn't know any spells.
Your spell library contained the following spells:

 Spells                   Type           Power      Damage    Failure   Level
 Sting                    Tmut/Pois      0%         1d3       78%         1
 Spider Form              Tmut/Pois      0%         N/A       98%         3
 Animate Armour           Summ/Erth      0%         N/A       100%        4
 Ice Form                 Ice/Tmut       0%         N/A       100%        4
 Summon Ice Beast         Ice/Summ       0%         N/A       100%        4
 Bolt of Magma            Conj/Fire/Erth 0%         4d4       100%        5
 Freezing Cloud           Conj/Ice/Air   0%         6-21      100%        5
 Eringya's Noxious Bog    Tmut/Pois      0%         N/A       100%        6
 Simulacrum               Ice/Necr       0%         N/A       100%        6
 Ozocubu's Refrigeration  Ice            0%         4d5       100%        7


Dungeon Overview and Level Annotations

Branches:
Dungeon (11/15)            Temple (1/1) D:7            Lair (0/6) D:11
    Orc (0/2) D:11

Altars:
Ashenzari
Cheibriados
Dithmenos
Elyvilon
Fedhas
Gozag
Hepliaklqana
Kikubaaqudgha
Makhleb
Nemelex Xobeh
Okawaru
Qazlal
Ru
Sif Muna
Uskayaw
Vehumet
Wu Jian
Xom
Yredelemnul
The Shining One

Shops:
D:8 !   D:9 =

Annotations:
D:8 1 runed translucent door, Delamore's ghost, journeyman FoFi


Innate Abilities, Weirdness & Mutations

You have razor-sharp toenails.
You are mostly covered in molten scales. (AC +3)
Your demonic aura often causes spilled blood to erupt in flames.


Message History

You hit the seven-headed hydra. You burn the seven-headed hydra.
The six-headed hydra is engulfed in blazing flames.
The six-headed hydra bites you. The six-headed hydra barely misses you.
The six-headed hydra bites you but does no damage.
The six-headed hydra bites you!
The six-headed hydra bites you but does no damage. x2
You barely miss the six-headed hydra. You claw the six-headed hydra.
The six-headed hydra is severely wounded.
Your scale mail prevents you from hitting the seven-headed hydra.
The seven-headed hydra bites you but does no damage. x2
You block the seven-headed hydra's attack.
The seven-headed hydra bites you but does no damage.
The seven-headed hydra bites you.
The seven-headed hydra bites you but does no damage.
The seven-headed hydra closely misses you.
The six-headed hydra is engulfed in blazing flames.
The six-headed hydra barely misses you. The six-headed hydra bites you.
You block the six-headed hydra's attack.
The six-headed hydra closely misses you.
The six-headed hydra bites you.
The six-headed hydra bites you but does no damage.
A demon appears!
You block the seven-headed hydra's attack.
The seven-headed hydra barely misses you.
The seven-headed hydra closely misses you.
The seven-headed hydra bites you!
* * * LOW HITPOINT WARNING * * *
You block the seven-headed hydra's attack.
The seven-headed hydra bites you but does no damage.
You block the seven-headed hydra's attack.
The six-headed hydra is engulfed in blazing flames.
You block the six-headed hydra's attack.
The six-headed hydra bites you!
* * * LOW HITPOINT WARNING * * *
The six-headed hydra closely misses you.
The six-headed hydra bites you.
* * * LOW HITPOINT WARNING * * *
You block the six-headed hydra's attack.
The six-headed hydra bites you!
You die...

###....#.....## .....#..#..... ##
#[...#......#......#..#x.... #
#....#......#..#####..#####. #
###....##....##......#..# .... #
........#....# ......#..#..... ##
........#....######..#..#..### #.
........#....##.D....#..#..... ##
...........####☼DD...#..#...$. #.
#########....##°@#####..#####. #.
#....##.°............. #.
#....##..3............ #.
#)...###################. #....#
#..#..... #########...>######
#####>.'))...
......#.##....#...###..##..#)....
......+..#....#........##..#.....
......#..#....#........##..#.....


You could see a seven-headed hydra (ally target), a six-headed hydra, an acid
dragon and a friendly ynoxinul (summoned).

Vanquished Creatures
  Harold (D:9)
  Erica (D:10)
  3 two-headed ogres
  3 elephants (D:10)
  Maurice (D:10)
  4 trolls
  A hornet (D:9)
  2 shadows
  16 yaks
  Grum (D:8)
  2 steam dragons
  A water moccasin (D:7)
  2 ice beasts
  7 orc warriors
  5 black bears
  4 sky beasts
  2 necrophages
  2 ogres
  3 centaurs
  2 wolves (D:8)
  2 phantoms
  3 bullfrogs
  4 scorpions
  A wyvern zombie (D:8)
  5 wights
  A killer bee (D:10)
  2 howler monkeys
  A jelly (D:6)
  A bullfrog zombie (D:5)
  5 centaur zombies
  6 orc priests
  3 hounds (D:5)
  2 bullfrog skeletons
  Jessica (D:2)
  3 iguanas
  A scorpion zombie (D:5)
  7 orc wizards
  2 killer bee zombies
  3 howler monkey zombies
  9 adders
  A shadow imp (D:6)
  A white imp (D:7)
  An ufetubus (D:5)
  4 worms
  4 dart slugs
  29 orcs
  10 endoplasms
  2 giant cockroaches (D:2)
  4 goblins
  8 hobgoblins
  8 jackals
  A quokka (D:1)
  7 ball pythons
  4 bats
  4 frilled lizards
  8 kobolds
  5 rats
226 creatures vanquished.

Vanquished Creatures (others)
  A fungus (D:11)
  61 plants
62 creatures vanquished.

Grand Total: 288 creatures vanquished

Notes
Turn   | Place    | Note
-------+----------+-------------------------------------------
     0 | D:1      | Glokmah the Demonspawn Monk began the quest for the Orb.
     0 | D:1      | Reached XP level 1. HP: 18/18 MP: 1/1
   867 | D:1      | Gained mutation: You are partially covered in molten
                  | scales. (AC +2) [demonic ancestry]
   867 | D:1      | Reached XP level 2. HP: 24/24 MP: 2/2
  1499 | D:2      | Gained mutation: Your demonic aura sometimes causes spilled
                  | blood to erupt in flames. [demonic ancestry]
  1499 | D:2      | Reached XP level 3. HP: 27/29 MP: 3/3
  1503 | D:2      | Reached skill level 1 in Shields
  1588 | D:2      | Reached skill level 1 in Maces & Flails
  1837 | D:2      | Noticed Jessica
  1848 | D:2      | Killed Jessica
  1849 | D:2      | Gained mutation: You are mostly covered in molten scales.
                  | (AC +3) [demonic ancestry]
  1849 | D:2      | Reached XP level 4. HP: 36/37 MP: 4/4
  2825 | D:3      | Noticed a centaur
  3329 | D:3      | Found a faded altar of an unknown god.
  3353 | D:3      | Reached XP level 5. HP: 42/42 MP: 5/5
  4095 | D:4      | Reached skill level 2 in Maces & Flails
  4502 | D:4      | Noticed a phantom
  4848 | D:4      | Gained mutation: You have sharp toenails. [demonic
                  | ancestry]
  4848 | D:4      | Reached XP level 6. HP: 35/48 MP: 6/6
  4956 | D:4      | Identified the Grimoire of Poisonous Clay
  5115 | D:5      | Entered Level 5 of the Dungeon
  5203 | D:4      | Reached skill level 3 in Maces & Flails
  5530 | D:5      | Reached XP level 7. HP: 54/55 MP: 7/7
  5602 | D:5      | Reached skill level 5 in Fighting
  5602 | D:5      | Reached skill level 4 in Maces & Flails
  5806 | D:5      | Reached skill level 5 in Maces & Flails
  6011 | D:5      | Reached XP level 8. HP: 53/64 MP: 5/8
  6435 | D:5      | Reached skill level 6 in Maces & Flails
  6925 | D:6      | Reached skill level 7 in Maces & Flails
  6947 | D:6      | Reached XP level 9. HP: 46/72 MP: 5/9
  6953 | D:6      | Reached skill level 8 in Maces & Flails
  7576 | D:6      | Reached skill level 9 in Maces & Flails
  7774 | D:6      | Found an opulent altar of Gozag.
  7774 | D:6      | Found a shadowy altar of Dithmenos.
  8058 | D:7      | Identified the +8 hand axe of the Dwarven Hall {flame, rN+}
  8364 | D:7      | Found a staircase to the Ecumenical Temple.
  8380 | Temple   | Entered the Ecumenical Temple
  8454 | Temple   | Became a worshipper of Makhleb the Destroyer
  8454 | Temple   | Reached * piety under Makhleb
  8454 | Temple   | Reached ** piety under Makhleb
  8703 | D:7      | Reached skill level 1 in Invocations
  8799 | D:7      | Found a snail-covered altar of Cheibriados.
  9473 | D:8      | Reached skill level 1 in Armour
  9609 | D:8      | Found a runed translucent door.
  9610 | D:8      | Noticed Delamore's ghost (journeyman FoFi)
  9621 | D:8      | Reached skill level 1 in Axes
  9730 | D:8      | Noticed Grum
  9737 | D:8      | Gained mutation: You have razor-sharp toenails. [demonic
                  | ancestry]
  9737 | D:8      | Reached XP level 10. HP: 69/81 MP: 12/12
  9741 | D:8      | Killed Grum
 10007 | D:8      | Paralysed by a wight for 5 turns
 10248 | D:8      | Found Jeva's Distillery.
 10681 | D:9      | Noticed Harold
 10695 | D:9      | Killed Harold
 10865 | D:9      | Noticed a two-headed ogre
 10885 | D:9      | Found Ciypniag's Jewellery Boutique.
 10961 | D:9      | Reached skill level 10 in Maces & Flails
 11220 | D:9      | Reached skill level 5 in Invocations
 11794 | D:9      | Killed a two-headed ogre
 11951 | D:9      | Found a sparkling altar of Nemelex Xobeh.
 12110 | D:10     | Entered Level 10 of the Dungeon
 12110 | D:10     | Noticed Erica
 12180 | D:10     | Noticed a two-headed ogre
 12191 | D:10     | Killed a two-headed ogre
 12192 | D:10     | Gained mutation: Your demonic aura often causes spilled
                  | blood to erupt in flames. [demonic ancestry]
 12192 | D:10     | Reached XP level 11. HP: 28/89 MP: 14/16
 12782 | D:10     | Killed Erica
 12996 | D:10     | Noticed Maurice
 13012 | D:10     | Killed Maurice
 13013 | D:10     | Reached skill level 5 in Axes
 13043 | D:10     | Noticed a two-headed ogre
 13050 | D:10     | Killed a two-headed ogre
 13290 | D:10     | Reached *** piety under Makhleb
 13338 | D:10     | Reached skill level 11 in Maces & Flails
 14162 | D:11     | Found a broken altar of Ashenzari.
 14345 | D:11     | Found a staircase to the Orcish Mines.
 14549 | D:11     | Found a staircase to the Lair.
 14899 | D:11     | Noticed a seven-headed hydra
 14901 | D:11     | Noticed a seven-headed hydra
 14916 | D:11     | Slain by a six-headed hydra

Illustrated notes

Levels and vault maps discovered:
D:1:      lightli_arrival_isolated_outpost, layout_loops_corners,
          minmay_liquid_box
D:2:      layout_loops_cross, kennysheep_generic_room_10, uniq_jessica
D:3:      layout_basic, serial_co_window_serial, co_window_corner_a,
          co_window_of_opportunity_a, co_window_of_opportunity_a,
          co_window_corner_a, co_window_paths_a, co_window_paths_a,
          co_window_corner_a, co_window_corner_b, co_window_corner_b,
          co_window_corner_b, co_window_unsneaky_path_d, co_window_paths_e,
          glass_columns_a, glass_columns_a, glass_columns_a, glass_columns_b,
          shapermc_ecumenical_altar_flowoftime, st_stairs_3
D:4:      layout_basic, minmay_increasing_density
D:5:      layout_loops_ring, st_stairs_1
D:6:      layout_basic, nicolae_overflow_hidden_temple, minmay_between
D:7:      layout_loops_cross, cheibrodos_worm_habitat, minmay_temple_entry_waves
D:8:      layout_loops_ring, gammafunk_ghost_grave, serial_shops, shop,
          grunt_ministairs_4, st_stairs_10, uniq_grum
D:9:      layout_gridville, kennysheep_mini_moat, serial_shops, shop,
          uniq_harold
D:10:     wad_woods_tower, layout_basic, serial_bayou_pond_b, st_stairs_1,
          uniq_erica, uniq_maurice
D:11:     kennysheep_windowed_halls, layout_gridville,
          grunt_lair_entry_orc_guard_hut, david_orc_2, ashenzari_altar_1
Temple:   nicolae_temple_x_marks_the_god

Skill      XL: |  1  2  3  4  5  6  7  8  9 10 11 |
---------------+----------------------------------+-----
Dodging        | 3 |  3.0
Shields        | 1 2 3 4 |  4.6
Maces & Flails | 1 2 3 5 7 9 10 11 | 11.1
Fighting       | 4 5 7 8 9 |  9.4
Invocations    | 3 6 8 |  8.9
Armour         | 1 3 4 |  4.1
Axes           | 1 4 5 |  5.9
Polearms       | |  2.8
Stealth        | |  1.7

Action                   |  1- 3 |  4- 6 |  7- 9 | 10-12 || total
-------------------------+-------+-------+-------+-------++-------
Melee: Spear             |    29 |       |       |       ||    29
       Whip              |    86 |   168 |   272 |    19 ||   545
       Kick              |       |     6 |    90 |    85 ||   181
       Hand axe          |       |       |    48 |   206 ||   254
Throw: Dart              |       |       |    31 |    14 ||    45
Invok: Minor Destruction |       |       |       |    50 ||    50
       Lesser Servant of |       |       |       |     1 ||     1
  Use: Scroll            |       |    16 |     6 |     2 ||    24
 Stab: Sleeping          |     2 |     1 |     1 |       ||     4
Armor: Ring mail         |    20 |    44 |    96 |     5 ||   165
       Robe              |     1 |       |       |       ||     1
       Scale mail        |    22 |    12 |       |    97 ||   131
Dodge: Dodged            |    53 |    75 |    88 |   128 ||   344
Block: Buckler           |    10 |    31 |    78 |    76 ||   195

Table legend: (Time is in decaauts)
 A = Elapsed time spent in this place.
 B = Non-inter-level travel time spent in this place.
 C = Inter-level travel time spent in this place.
 D = Time resting spent in this place.
 E = Time spent auto-exploring this place.
 F = Levels seen in this place.
 G = Mean time per level.
                   A        B        C        D        E       F      G
               +--------+--------+--------+--------+--------+-----+--------+
         Total |  14899 |  13929 |    970 |   2056 |   9425 |  12 | 1241.6 |
       Dungeon |  14814 |  13855 |    959 |   2056 |   9375 |  11 | 1346.7 |
        Temple |     84 |     73 |     11 |      0 |     50 |   1 |   84.0 |
               +--------+--------+--------+--------+--------+-----+--------+

Top non-repeatable levels by time:
     D:1: 1734 daAuts
     D:9: 1680 daAuts
     D:8: 1656 daAuts
    D:10: 1499 daAuts
     D:3: 1492 daAuts
     D:7: 1297 daAuts
     D:5: 1261 daAuts
     D:4: 1214 daAuts
     D:6: 1138 daAuts
     D:2: 1089 daAuts
    D:11: 750 daAuts
  Temple: 84 daAuts
